[Event "31st MPL National U18 Chess-ch 2022"]
[Site "Pollachi"]
[Date "2022.04.21"]
[Round "8.10"]
[White "Jani Kushal R"]
[Black "Midilesh MS"]
[Result "1-0"]
[ECO "A30"]
[WhiteElo "1746"]
[BlackElo "1470"]
[Annotator "NA RC COMBH"]
[PlyCount "85"]
[EventDate "2022.04.18"]
[EventCountry "IND"]
[SourceTitle "playchess.com"]
[Source "ChessBase"]
[SourceQuality "1"]
[TimeControl "5400+30"]

1. Nf3 Nf6 2. g3 d5 3. Bg2 c5 4. O-O Nc6 5. d4 Bf5 6. c4 e6 7. cxd5 Nxd5 8. Nc3 Nxc3 9. bxc3 Be4 10. Qa4 Qa5 11. Qb3 b5 12. a4 b4 13. cxb4 cxb4 14. Qe3 Qd5 15. Bb2 Na5 16. Ne1 Bxg2 17. Nxg2 Nc4 18. Qc1 Nxb2 19. Qxb2 a5 20. e4 Qxe4 21. Rfe1 Qb7 22. d5 O-O-O 23. dxe6 fxe6 24. Nf4 Kb8 25. Nxe6 Rd5 26. Nf4 Rf5 27. Re8+ Ka7 28. Rc1 Qb6 29. Rcc8 Qb7 30. Qd4+ Bc5 31. Rxc5 Rxe8 32. Rc7+ Ka8 33. Rxb7 Re1+ 34. Kg2 Kxb7 35. Qd7+ Kb8 36. Qxf5 b3 37. Qb5+ Kc8 38. Qxb3 Rc1 39. Nd5 Kd7 40. Qe3 Ra1 41. Nb6+ Kc6 42. Qc3+ Kxb6 43. Qxa1 1-0

[Event "31st MPL National U18 Chess-ch 2022"]
[Site "Pollachi"]
[Date "2022.04.22"]
[Round "9.1"]
[White "Soham Kamotra"]
[Black "Vignesh B"]
[Result "1-0"]
[ECO "A43"]
[WhiteElo "2229"]
[BlackElo "2249"]
[Annotator "TA"]
[PlyCount "119"]
[EventDate "2022.04.18"]
[EventCountry "IND"]
[SourceTitle "playchess.com"]
[Source "ChessBase"]
[SourceQuality "1"]
[TimeControl "5400+30"]

1. d4 Nf6 2. Nf3 c5 3. d5 e6 4. Nc3 d6 5. e4 exd5 6. exd5 Be7 7. h3 {[%emt 0:03:00] A43: Schmid Benoni.} O-O 8. Bd3 Nbd7 9. Bf4 {[%emt 0:00:00] White is slightly better.} Nb6 10. O-O {[%emt 0:00:00] [#]} h6 $146 ({Predecessor:} 10... Kh8 11. Be2 a6 12. Bg5 h6 13. Bh4 Bf5 14. Bd3 Qd7 15. Bxf6 Bxf6 16. Ne4 Bxe4 17. Bxe4 Bxb2 {0-1 (40) Naserpour,Y (1704)-Rahbari,N (1296) Chess.com INT 2021}) 11. Qd2 c4 (11... Nfxd5 {keeps more tension.} 12. Nxd5 Nxd5 13. Bxh6 Nb4) 12. Be2 $36 {[%emt 0:00:00][%mdl 2048] White is more active.} Bf5 13. Nd4 Bg6 14. Bf3 Re8 15. Rfe1 a6 16. g4 Qd7 17. a4 Rad8 (17... Qc7 $14) 18. a5 $16 Nc8 19. Bg2 {[%emt 0:00:00] &Bianco is much more active. The black rooks are badly placed.} (19. Ra4 $142) 19... Bf8 20. Bg3 h5 {[%emt 0:03:40] A mistake that costs the game.} (20... Rxe1+ $16 {was worth a try.} 21. Rxe1 Qc7) 21. g5 $18 Nh7 22. h4 Ne7 23. Nce2 Nf5 24. Nxf5 Bxf5 {[%emt 0:00:35] [#]} 25. Kh2 $1 g6 26. Nd4 Bg7 27. Nxf5 Qxf5 28. c3 Be5 (28... Qd7 $16 29. Re2 Nf8) 29. f4 Bg7 30. Bh3 Qd3 31. Qxd3 cxd3 32. Rxe8+ Rxe8 33. Re1 Rxe1 (33... Re2+ $2 34. Rxe2 dxe2 35. Bc8 $18) (33... Kf8 34. Rxe8+ Kxe8) 34. Bxe1 {[%emt 0:00:00][%mdl 4096] [#] Endgame aiming for Bc8. KBB-KBN} f5 35. Bf1 Kf7 36. Bxd3 Nf8 37. Kg2 Nd7 38. b4 Ke7 39. Kf3 Kd8 40. Bc4 Kc7 41. Ke3 Nf8 42. Kd3 Nd7 43. Bf2 Bf8 44. Bb3 Be7 45. Ba4 {[%emt 0:00:00] Threatens to win with c4.} Nf8 (45... Bd8 $142 46. Bb6+ Nxb6 47. axb6+ Kc8) 46. Bb6+ Kc8 47. Be8 Bd8 48. Bd4 Bc7 49. Bf6 b6 50. axb6 Bxb6 51. Be7 Nd7 52. Bxg6 Bf2 53. Bxf5 Bxh4 54. Bxd6 Kd8 55. Bg6 Kc8 56. Bxh5 Kd8 57. c4 {[%emt 0:00:00] White threatens Bf7 and mate.} Nb6 58. Bg4 {[%emt 0:00:00] White mates.} Ke8 59. Bc5 Nd7 60. Bxd7+ {[%emt 0:00:00] Weighted Error Value: White=0.07 (flawless) /Black=0.78} 1-0

[Event "31st MPL National U18 Chess-ch 2022"]
[Site "Pollachi"]
[Date "2022.04.22"]
[Round "9.2"]
[White "Ilamparthi A R"]
[Black "Srihari L R"]
[Result "0-1"]
[ECO "A30"]
[WhiteElo "1969"]
[BlackElo "2400"]
[Annotator "TA"]
[PlyCount "82"]
[EventDate "2022.04.18"]
[EventCountry "IND"]
[SourceTitle "playchess.com"]
[Source "ChessBase"]
[SourceQuality "1"]
[TimeControl "5400+30"]

1. Nf3 Nf6 2. c4 e6 3. e3 b6 4. Be2 Bb7 5. b3 Be7 6. Bb2 O-O 7. O-O c5 8. d4 d6 9. Nc3 a6 10. Rc1 {[%emt 0:05:17] A30: Symmetrical English: Double Fianchetto and Hedgehog.} Nbd7 11. Qc2 Rc8 12. Rfd1 {[%emt 0:00:40] White has an edge.} Rc7 13. d5 {[%emt 0:05:19] [#]} e5 $146 ({Predecessor:} 13... exd5 14. cxd5 b5 15. e4 Re8 16. a4 b4 17. Nb1 Bf8 18. Bd3 c4 19. bxc4 Nc5 {1-0 (35) Gausel,E (2520)-Hillarp Persson,T (2400) Stockholm 1996}) 14. Ne1 Ne8 15. g4 g6 16. Ng2 Ng7 17. f4 Bc8 18. Ne4 f5 19. gxf5 gxf5 20. Ng3 Bf6 21. Kh1 ({Don't play} 21. Nxf5 Nxf5 22. Qxf5 exf4 23. Bxf6 (23. Nxf4 $2 Bxb2 24. Qe6+ Kh8 $19) (23. Bd3 $2 Ne5 $19) 23... Nxf6 $15) 21... exf4 22. Nxf4 Bxb2 23. Qxb2 Qf6 24. Qd2 Ne5 25. Ngh5 (25. Rg1 $14) 25... Nxh5 $11 26. Nxh5 Qh6 27. Rg1+ Ng4 28. Bxg4 fxg4 29. Nf4 Rg7 {[%emt 0:00:00] [#] Threatens to win with ...g3.} 30. Rg3 Rf5 31. Rcg1 Re5 32. h3 Reg5 33. e4 (33. Ne6 $1 $11 Bxe6 34. dxe6 Qxe6 35. Rxg4 Rxg4 36. Rxg4) 33... gxh3 $17 34. Ne2 {[%emt 0:02:14][%mdl 8192] [#] Loses the game.} (34. Rxg5 $17 Rxg5 35. Qf2) 34... h2 $19 35. Rf1 Qh4 36. Rxg5 Qxe4+ ({Worse is} 36... Rxg5 37. Qf4 Qxf4 38. Rxf4 $15) 37. Kxh2 Qh4+ 38. Kg2 Rxg5+ 39. Kf3 Bg4+ {[%emt 0:00:16] Black mates.} 40. Ke3 Re5+ 41. Kd3 Bxe2+ {[%emt 0:00:05] Weighted Error Value: White=0.65/Black=0.06 (flawless)} 0-1

[Event "31st MPL National U18 Chess-ch 2022"]
[Site "Pollachi"]
[Date "2022.04.22"]
[Round "9.3"]
[White "John Veny Akkarakaran"]
[Black "Krishnan Ritvik"]
[Result "1/2-1/2"]
[ECO "B90"]
[WhiteElo "1687"]
[BlackElo "1761"]
[Annotator "NA RC COMBH"]
[PlyCount "59"]
[EventDate "2022.04.18"]
[EventCountry "IND"]
[SourceTitle "playchess.com"]
[Source "ChessBase"]
[SourceQuality "1"]
[TimeControl "5400+30"]

1. e4 c5 2. Nf3 d6 3. d4 cxd4 4. Nxd4 Nf6 5. Nc3 Nc6 6. Be2 e5 7. Nf3 h6 8. O-O Be6 9. Re1 a6 10. a4 Be7 11. h3 Rc8 12. b3 O-O 13. Bb2 Qa5 14. Nd2 Nd4 15. Bc4 Rfd8 16. Bxe6 fxe6 17. Nc4 Rxc4 18. bxc4 Qb4 19. Rb1 Qxc4 20. Qd3 Rc8 21. Ba1 b5 22. axb5 axb5 23. Nxb5 Nxc2 24. Qxc4 Rxc4 25. Rbc1 Rc5 26. Red1 Nxe4 27. Nc3 Nd4 28. Nxe4 Rxc1 29. Rxc1 Ne2+ 30. Kf1 1/2-1/2

[Event "31st MPL National U18 Chess-ch 2022"]
[Site "Pollachi"]
[Date "2022.04.22"]
[Round "9.4"]
[White "Avinash Ramesh"]
[Black "Rakshith Srinivasan"]
[Result "1-0"]
[ECO "D03"]
[WhiteElo "2402"]
[BlackElo "1856"]
[Annotator "TA"]
[PlyCount "165"]
[EventDate "2022.04.18"]
[EventCountry "IND"]
[SourceTitle "playchess.com"]
[Source "ChessBase"]
[SourceQuality "1"]
[TimeControl "5400+30"]

1. d4 Nf6 2. Nf3 g6 3. Bg5 Bg7 4. Nbd2 O-O 5. c3 d5 6. e3 c5 7. Be2 Nc6 8. dxc5 {[%emt 0:03:46] D03: 1 d4 d5 2 Nf3 Nf6 3 Bg5, including Torre Attack with early ...d5.} a5 9. a4 e5 10. O-O {[%emt 0:04:21][%cal Oe3e4] White is better.} Qe7 {[%emt 0:03:04] [#]} 11. Nb3 $146 ({Predecessor:} 11. Bb5 e4 12. Nd4 Qxc5 13. N2b3 Qb6 14. Bf4 Rd8 15. h3 Nh5 16. Bh2 Be5 17. Nd2 Bxh2+ 18. Kxh2 {0-1 (41) Peric,S (2370)-Markovic,M (2540) Niksic 1997}) 11... Be6 12. Nfd2 h6 13. Bxf6 Bxf6 14. Bg4 Bxg4 15. Qxg4 e4 16. Rfd1 Ne5 17. Qe2 Nd3 18. Nf1 (18. Nf3 {with more complications.} Nxb2 19. Qxb2 exf3 20. gxf3 Qe5 21. Nd4) 18... Rfd8 19. Rxd3 exd3 20. Qxd3 Qc7 21. Qb5 Be7 22. Nfd2 Qd7 23. Qxd7 Rxd7 24. Rd1 (24. Nf3 $14) 24... Rc7 25. Nf3 Bxc5 26. Rxd5 b6 27. Kf1 ({Much worse is} 27. Nxc5 Rxc5 28. Rxc5 bxc5 $15) 27... Be7 28. Nfd2 Rd8 29. Rxd8+ ({White should play} 29. Rb5 $1 $16) 29... Bxd8 $16 {[%emt 0:00:04][%mdl 4096] Endgame KRB-KNN} 30. Ke2 f5 31. Kd3 Kf7 32. Nc4 Kf6 33. Nd4 Rd7 34. Kc2 g5 35. f4 gxf4 (35... Bc7 $11) 36. exf4 h5 37. Ne3 {[%emt 0:01:33] &Bianco is more active.} Kg6 38. g3 ({Worse is} 38. Ndxf5 Rf7 39. Kd2 Rxf5 40. Nxf5 Kxf5 $15) 38... Rf7 39. Nf3 {[%emt 0:00:27] Strongly threatening Ne5+.} Bf6 40. Nd5 Rb7 41. c4 ({Better is} 41. b4 $1 $14) 41... Kf7 $11 42. b3 Ke6 (42... Rb8 $11) 43. Kd3 (43. Ng5+ $1 $16 Bxg5 44. fxg5) 43... Rd7 $2 (43... Kf7 $1 $11 {and Black is okay.}) 44. Ke2 $2 (44. Ng5+ $1 $18 Bxg5 45. fxg5) 44... Rd6 45. Ne1 h4 46. Nc2 hxg3 47. hxg3 Bb2 48. Nce3 Rc6 $2 {[%emt 0:00:45][%mdl 8192] [#]} (48... Rd7 $11) 49. Kd3 $2 ({White must play} 49. Nxf5 $1 $18 {[%cal Oe2d3][%mdl 512] And now Kd3! would win.} Kf7 (49... Rc8 50. g4) 50. Kf3) 49... Ba3 50. g4 fxg4 51. Nxg4 Bc5 52. Ke4 {[%emt 0:00:13] aiming for f5+.} Rc8 53. f5+ Kf7 $2 {[%emt 0:00:09][%mdl 8192] Black is on the road to losing.} (53... Kd6 $11) 54. Ne5+ $18 Kg7 55. f6+ Kh7 56. Kf5 Bd4 $2 (56... Rd8 57. Nf7 Rf8) 57. Nf3 {[%emt 0:00:28] Pair of Knights!} Bc5 58. Ng5+ Kh6 59. Ne6 {[%emt 0:00:33] f7 is the strong threat.} Rg8 60. f7 Rg1 61. Nxc5 Rf1+ 62. Nf4 (62. Ke6 $142 Kg7 63. Nd7 Rxf7 64. N7xb6 Kf8 65. Nd7+ Kg7 66. c5 Rf2 67. c6) 62... Kg7 63. Nd7 Kxf7 64. Nxb6 Rf3 65. Ke5 Rxb3 66. Nfd5 Rh3 67. c5 Rh6 68. Kd4 {[%emt 0:00:00] Kc4 would kill now.} Rh4+ 69. Kc3 {[%emt 0:00:00] Intending c6 and mate.} Rh1 70. Kc4 {[%emt 0:00:00] White mates.} Ke6 71. c6 Kd6 72. c7 Rc1+ 73. Kb5 Rc5+ 74. Ka6 Rxc7 75. Nxc7 Kxc7 76. Kxa5 Kb7 77. Kb5 Ka7 78. Nd7 Kb7 79. Nc5+ Ka7 80. Kc6 Ka8 81. Kb6 Kb8 82. Ne6 Ka8 83. Nc7+ {[%emt 0:00:00] Weighted Error Value: White=0.30/Black=0.47} (83. a5 $142 Kb8 84. a6 Kc8 85. a7 Kd7 86. Nc5+ Ke8 87. a8=Q+ Kf7 88. Qf3+ Kg7 89. Ne6+ Kg6 90. Qf4 Kh7 91. Qf6 Kg8 92. Qg7#) 1-0

[Event "31st MPL National U18 Chess-ch 2022"]
[Site "Pollachi"]
[Date "2022.04.22"]
[Round "9.5"]
[White "Harshad S"]
[Black "Jani Kushal R"]
[Result "1-0"]
[ECO "B53"]
[WhiteElo "2328"]
[BlackElo "1746"]
[Annotator "TA"]
[PlyCount "113"]
[EventDate "2022.04.18"]
[EventCountry "IND"]
[SourceTitle "playchess.com"]
[Source "ChessBase"]
[SourceQuality "1"]
[TimeControl "5400+30"]

1. e4 c5 2. Nf3 d6 3. d4 cxd4 4. Qxd4 Nf6 5. Be2 g6 6. O-O {[%emt 0:03:50] B53: Sicilian: 2...d6: Lines with Qxd4.} Bg7 7. c4 O-O 8. Qe3 {[%emt 0:03:29] The position is equal.} b6 9. Rd1 Bb7 (9... Ng4 {feels hotter.} 10. Qg5 Nc6 11. Nc3 Bd7) 10. Nc3 Nbd7 (10... Ng4 $5 11. Qg5 Ne5 $11) 11. h3 {[%emt 0:01:53] [#]} (11. Nd4 $14 {might be stronger.}) 11... Qc7 $146 ({Predecessor:} 11... Nc5 12. e5 Nfe4 13. Nxe4 Nxe4 14. Qa3 Qc8 15. Be3 Rd8 16. Rac1 Qe6 17. exd6 Rxd6 {½-½ (103) Nihal,S (2618)-Grandelius,N (2673) Wijk aan Zee 2020}) 12. Rb1 Nc5 13. Nd2 e5 14. b4 Ne6 15. Nb3 a6 {[%emt 0:08:39] Against Nb5} ({Black should try} 15... Ba6 $14) 16. Bb2 Qe7 17. Bf1 (17. Qxb6 $6 Nxe4 18. Bf1 Nf4 $11) 17... a5 18. bxa5 bxa5 19. a4 Rfd8 20. Nd5 Qe8 21. Bc3 Bc6 $1 22. Bxa5 Rdb8 23. Nb6 $36 {[%emt 0:02:36][%mdl 2048] White fights for an advantage.} Bxa4 (23... Ra7 $1 $11) 24. Nxa8 $16 {[%emt 0:03:02] &Bianco is more active.} Rxa8 25. Bb4 Nd4 $2 (25... Bxb3 $16 {was necessary.} 26. Rxb3 (26. Qxb3 Nd4 $16) 26... Nd4) 26. Nxd4 $18 Bxd1 27. Nb5 (27. Rxd1 exd4 28. Rxd4 Nd7 $16) 27... Bc2 28. Rb2 ({Weaker is} 28. Nxd6 Qc6 29. Rc1 Rb8 $16) 28... Bxe4 29. Nc7 ({Not} 29. Nxd6 Qc6 $16) 29... Qb8 30. Nxa8 Bxa8 31. Qa3 Bf8 {[%emt 0:00:43] [#]} 32. Bxd6 $1 Qxd6 33. Qxa8 Kg7 34. Qa5 Ne4 35. Qa7 Qc6 36. Qe3 {[%emt 0:02:55] Hoping for Qf3.} Bc5 {[%emt 0:00:48] [#]} 37. Qf3 {[%emt 0:00:06] Bd3 is the strong threat.} Bd4 38. Rc2 Qb7 39. Bd3 (39. g4 $16) 39... Qb1+ $14 40. Kh2 Nc5 41. Rd2 Qb8 (41... Qe1 $11 42. Re2 Qf1) 42. g3 $16 {[%emt 0:00:37] Black is on the road to losing.} Qb6 (42... f5 $16 {was worth a try.}) 43. Be4 $18 f5 44. Bd5 e4 45. Qe2 Nd3 $2 {[%emt 0:01:33] [#]} (45... Qf6 $16 46. f3 e3) 46. Bxe4 $1 Nxf2 (46... fxe4 47. Qxe4 Ne5 48. Rxd4 (48. Qxd4 $2 Qxd4 49. Rxd4 Nf3+ 50. Kg2 Nxd4 $19) 48... Nf3+ 49. Qxf3 Qxd4) 47. Bf3 {[%emt 0:00:40] Threatens to win with Qe7+.} Qf6 {[%emt 0:01:01] Against Qe7+} 48. Kg2 f4 {[%emt 0:00:41] [#]} (48... Kh6 $18 49. Bd5 Kg7 50. Rxd4 Qxd4 51. Qxf2 Qe5 52. Qa7+ Kh8 53. Qa8+ Kg7 54. Qg8+ Kh6 55. Qf8+ Qg7 56. Qxg7+ Kxg7) 49. Rxd4 $1 {[%emt 0:00:55][%mdl 512] White mates.} Qxd4 50. Qe7+ Kh6 51. Qf8+ Qg7 52. Qxf4+ g5 53. Qd6+ Qg6 54. Qxg6+ hxg6 55. Kxf2 g4 56. Bxg4 Kg5 57. c5 {[%emt 0:00:03] Weighted Error Value: White=0.13 (very precise) /Black=0.44} 1-0

[Event "31st MPL National U18 Chess-ch 2022"]
[Site "Pollachi"]
[Date "2022.04.22"]
[Round "9.6"]
[White "Apoorv Kamble"]
[Black "Manish Anto Cristiano F"]
[Result "1-0"]
[ECO "C07"]
[WhiteElo "1679"]
[BlackElo "2236"]
[Annotator "TA"]
[PlyCount "87"]
[EventDate "2022.04.18"]
[EventCountry "IND"]
[SourceTitle "playchess.com"]
[Source "ChessBase"]
[SourceQuality "1"]
[TimeControl "5400+30"]

1. e4 e6 2. d4 d5 3. Nd2 c5 4. exd5 Qxd5 5. dxc5 Nf6 6. Ngf3 {[%emt 0:00:05] C07: French Tarrasch: 3...c5, 4 Ngf3 and 4 exd5 Qxd5.} Qxc5 7. Bd3 Nbd7 8. O-O {[%emt 1:32:01] The position is equal.} Be7 9. Re1 O-O ({Don't do} 9... Ng4 10. Ne4 Qc7 11. h3 $16) 10. Ne4 Qc7 11. Bg5 b6 12. Nxf6+ Nxf6 {[%emt 0:00:46] [#]} 13. Ne5 $146 ({Predecessor:} 13. Qd2 Bb7 14. Bf4 Qd7 15. Ne5 Qd5 16. Nf3 Qc6 17. Qe2 Rac8 18. c3 {1-0 (29) He,A-Spirin,A Maribor 2012}) 13... Bb7 14. Bf4 Qc5 15. Bg3 Rad8 16. Qe2 g6 17. Rad1 Qd5 18. Qf1 Qc5 (18... Qxa2 $2 19. Ra1 Qd5 20. Rxa7 $18) 19. Bh4 Qb4 (19... Nd7 $5 20. Bxe7 Qxe7 $15) 20. Bg5 (20. Nc4 $11) 20... Kg7 (20... Qxb2 $17 21. h3 Qc3) 21. Bc1 $11 h5 (21... Qc5 $11) 22. a3 $14 Qc5 23. b4 $1 Qc7 24. Bb2 {[%emt 0:00:00] Black must now prevent Qe2.} (24. Qe2 $5 ) 24... Kg8 (24... a5 $14) 25. Qe2 $1 $16 {[%emt 0:00:00][%cal Oe5g6] Hoping for Nxg6!} Bc8 (25... Rd6 $16 {keeps fighting.}) 26. Qe3 {[%emt 0:00:00] aiming for Qh6.} Nd5 {[%emt 0:00:00] [#]} 27. Qg3 $36 {[%emt 0:00:00][%cal Od3g6][%mdl 2048] Strongly threatening Bxg6! White is on the roll. &Bianco is more active.} Bf6 $2 {[%emt 0:06:30] This move loses the game for Black.} (27... h4 $16 28. Qf3 Bg5) 28. c4 $18 Ne7 {[%emt 0:00:00] [#]} (28... h4 $142 29. Qf3 Bg7 30. cxd5 Rxd5) 29. Ng4 $1 {[%emt 0:00:00][%mdl 512] White is clearly winning.} Bxb2 30. Qxc7 Rd7 31. Nh6+ Kg7 32. Qf4 Bf6 33. Bc2 e5 34. Qe3 Rxd1 35. Rxd1 Rh8 36. c5 bxc5 {[%emt 0:00:00] [#]} 37. Nxf7 $1 Kxf7 38. Bb3+ Be6 39. Bxe6+ Kxe6 40. Qxc5 {[%emt 0:00:00] Qc4+ is the strong threat.} Rc8 41. Qxa7 Rc2 42. Qe3 {[%emt 0:00:00] White threatens Qb3+ and mate.} Rb2 {[%emt 0:00:00] Prevents Qb3+.} 43. Qc3 e4 {[%emt 0:00:00] [#]} 44. Rd6+ $1 {[%emt 0:00:00][%mdl 512] Weighted Error Value: White=0.17 (very precise) /Black=0.33} 1-0

[Event "31st MPL National U18 Chess-ch 2022"]
[Site "Pollachi"]
[Date "2022.04.22"]
[Round "9.7"]
[White "Bharath Subramaniyam H"]
[Black "Dhruva Thota"]
[Result "1-0"]
[ECO "A05"]
[WhiteElo "2508"]
[BlackElo "1525"]
[Annotator "TA"]
[PlyCount "91"]
[EventDate "2022.04.18"]
[EventCountry "IND"]
[SourceTitle "playchess.com"]
[Source "ChessBase"]
[SourceQuality "1"]
[TimeControl "5400+30"]

1. b3 g6 2. Bb2 Nf6 3. Nf3 Bg7 4. g3 O-O 5. Bg2 a5 6. O-O {[%emt 0:00:47] A05: Réti Opening: 1 Nf3 Nf6.} a4 7. b4 d5 8. a3 {[%emt 0:00:34] White has an edge.} Nbd7 9. d3 {[%emt 0:05:32] [#]} c5 $146 ({Predecessor:} 9... Re8 10. c4 dxc4 11. dxc4 Nb6 12. Nbd2 c6 13. c5 Nbd5 14. Qc1 Bf5 15. Ne5 Qb8 {1-0 (51) Artemiev,V (2671)-Krutko,A (2397) Sochi 2015}) 10. bxc5 Nxc5 11. Nbd2 b5 12. Rb1 Ba6 13. e3 Rc8 14. Qe2 e6 15. Rfc1 Qa5 16. Qd1 Rfd8 17. h4 h6 18. Bf1 Nfd7 19. Bxg7 Kxg7 20. h5 g5 21. Nd4 Nb7 (21... Ne5 $11 {remains equal.}) 22. c4 $1 $16 dxc4 (22... bxc4 $16 23. dxc4 Nf6) 23. dxc4 $18 bxc4 24. Nxc4 Bxc4 25. Rxc4 Rxc4 26. Bxc4 Ndc5 27. Qc2 Rd7 $2 {[%emt 0:11:18] [#]} (27... Qc7 $16 {was worth a try.} 28. Rc1 Qd7) 28. Bxe6 $1 Nxe6 29. Nxe6+ fxe6 30. Qg6+ {[%emt 0:00:06][%mdl 64] Deflection, Double Attack} Kf8 31. Qxh6+ Kg8 32. Qxe6+ Rf7 33. Qg6+ $2 (33. Qe8+ $18 {is more deadly.} Rf8 34. Qg6+ Kh8 35. h6 (35. Rxb7 $2 Qe1+ 36. Kh2 Rxf2+ 37. Kh3 Qh1+ 38. Kg4 Qf3+ 39. Kh3 Qxb7 $19)) 33... Kf8 $16 34. Rb4 {[%emt 0:00:56][%mdl 1024] White has strong compensation.} Qd5 35. Qc2 {[%emt 0:00:35] Prevents Qd1+. Dancing on a razor blade.} (35. Rd4 $1 $16 Qf5 36. Qxf5 Rxf5 37. Rxa4) 35... Qc5 ({Black should play} 35... Nd6 $14) 36. Qb2 (36. Qxa4 Qc1+ 37. Kg2 Qd2 $17) 36... Nd6 37. h6 (37. Rxa4 $16 {aiming for h6.} Qd5 38. Rd4) 37... Ke7 $2 {[%emt 0:00:39] [#]} (37... Qd5 $14) 38. Rxa4 (38. e4 $1 $18 {[%cal Re4e5] is the precise move to win.} Ne8 39. Rb5) 38... Rh7 39. Rb4 {[%emt 0:00:36] &Bianco is more active.} (39. Ra6 $16 {[%cal Oe3e4] Hoping for e4!} Kf7 40. Qb3+ Qc4 41. Qxc4+ Nxc4 42. f4) 39... Qd5 {[%emt 0:00:28] Prevents e4.} (39... Kf7 $11) 40. Rd4 $2 {[%emt 0:00:10][%mdl 8192] [#]} (40. e4 $1 $14 Qd1+ 41. Kg2) 40... Qb7 $2 (40... Qf3 $1 $19 41. Rxd6 Kxd6 42. Qb8+ Ke6 43. Qg8+ Rf7 44. Qg6+ Ke7 45. Qxg5+ (45. Qc2 $2 Kf6 $19) 45... Rf6 46. Qc5+ Kf7) 41. Rb4 Qd5 42. e4 $1 $36 {[%emt 0:01:24][%cal Be3e4,Be4e5][%mdl 2080] White is more active.} ({And not} 42. Rd4 Qf3 43. Rxd6 Kxd6 44. Qb8+ Ke6 45. Qg8+ Rf7 46. Qg6+ Ke7 47. Qxg5+ (47. Qc2 $2 Kf6 $19) 47... Rf6 48. Qc5+ Kf7 $19) 42... Qd1+ 43. Kg2 Rf7 (43... Rxh6 $2 44. Qg7+ Ke6 45. Qxh6+ $18) 44. Rb3 {[%emt 0:00:00] Prevents Qf3+.} Qg4 $2 ({Better is} 44... Ke6 $14) 45. e5 Qe4+ $2 (45... Ne8 $18 46. e6 (46. Qc2 Kf8 $16) 46... Rh7) 46. f3 {[%emt 0:00:15] Weighted Error Value: White=0.30/Black=0.65} 1-0

[Event "31st MPL National U18 Chess-ch 2022"]
[Site "Pollachi"]
[Date "2022.04.22"]
[Round "9.8"]
[White "Ayush Sharma"]
[Black "Shadhursshaan R"]
[Result "1-0"]
[ECO "B10"]
[WhiteElo "2302"]
[BlackElo "1633"]
[Annotator "TA"]
[PlyCount "99"]
[EventDate "2022.04.18"]
[EventCountry "IND"]
[SourceTitle "playchess.com"]
[Source "ChessBase"]
[SourceQuality "1"]
[TimeControl "5400+30"]

1. e4 c6 2. Nf3 d5 3. d3 dxe4 4. dxe4 Qxd1+ 5. Kxd1 Bg4 6. Nbd2 {[%emt 0:01:29] B10: Caro-Kann: 2 d3 and 2 c4.} Nd7 7. h3 Bh5 8. g4 {[%emt 0:00:04] The position is equal.} Bg6 9. Nh4 e5 {[%emt 0:00:56] [#]} 10. a4 $146 ({Predecessor:} 10. f3 Be7 11. Nxg6 hxg6 12. Nc4 Ngf6 13. c3 a5 14. a4 Nh7 15. f4 exf4 16. Bxf4 {½-½ (41) Rapport,R (2752)-Khenkin,I (2545) Germany 2020}) 10... Bc5 (10... f6 $5 ) 11. f3 Ne7 12. Bc4 Be3 (12... h5 $5 13. g5 Bf2 14. Nxg6 Nxg6 $11) 13. Ke2 Bg5 14. Nf5 Bxf5 15. gxf5 g6 16. h4 Bf4 17. fxg6 hxg6 18. Ba2 b5 {[%emt 0:00:00] Against Nc4} 19. axb5 cxb5 20. Nb3 Bxc1 21. Nxc1 a5 22. Nd3 Rh5 23. c4 b4 24. Bb3 {[%emt 0:00:00] With the idea Ba4.} Nc6 {[%emt 0:00:00] Threatens to win with ...Nd4+.} 25. Ba4 Nd4+ 26. Ke3 {[%emt 0:00:00][%cal Od3b4] aiming for Nxb4!} Ke7 27. Bxd7 {[%emt 0:00:00] Black must now prevent Ba4.} Nc2+ 28. Kd2 Nxa1 29. Ba4 {[%emt 0:00:00] Prevents Nb3+.} g5 $1 30. Rxa1 gxh4 31. Nf2 Kd6 ({Black should try} 31... Rg8 $11) 32. Ke3 $14 h3 33. Rd1+ Ke7 34. Rd7+ (34. Ng4 $14) 34... Ke6 $11 35. c5 h2 36. Rd6+ Ke7 37. Rd7+ Kf6 38. Rd6+ Kg5 {[%emt 0:00:00] [#]} (38... Ke7 $11) 39. Nh1 {[%emt 0:01:16] &Bianco is more active.} ({White should play} 39. Rd1 $1 $16) 39... Kh4 40. Bd7 $2 {[%emt 0:02:32] [#]} (40. c6 $14 {stays ahead.} Kg5 41. Rd7) 40... a4 $1 $19 {[%emt 0:00:00] And now ...a3 would win.} 41. f4 $2 (41. Bc6 {was forced.} Ra7 42. f4) 41... a3 $4 ({Much less strong is} 41... exf4+ 42. Kxf4 Rg5 43. Rh6+ Rh5 44. Rd6 $18) (41... Rg8 $19 42. Bxa4 exf4+ 43. Kf2 Rxc5) 42. Rd2 f5 43. exf5 (43. Rxh2+ $142 Kg4 44. Rg2+ (44. Nf2+ Kg3 $18) 44... Kh4 45. exf5 Rh7 46. Rh2+ Kg4 47. Nf2+ Kg3 48. Rxh7 exf4+ 49. Ke2 f3+ 50. Ke3 axb2 51. Ne4+ Kg2 52. Rg7+ Kh2 53. Nd2) 43... a2 44. Rxh2+ {[%emt 0:00:00] White mates.} Kg4 45. f6+ Rf5 46. Nf2+ Kg3 47. Rh3+ Kg2 48. Bc6+ e4 49. Bxe4+ Kg1 50. Rh1# {[%emt 0:00:00] Weighted Error Value: White=0.25 (precise) /Black=0.32} 1-0